 Dungeon Crawl Stone Soup version 0.29-a0-1016-g236c7fd91e (webtiles) character file.

Game seed: 2535642301112891439

816 ytrimaz the Magician (level 7, 0/43 HPs)
             Began as an Octopode Transmuter on Aug 9, 2022.
             Was an Initiate of Ashenzari.
             Slain by an ogre
             ... wielding a +0 giant spiked club
              (28 damage)
             ... on level 5 of the Dungeon.
             The game lasted 00:09:26 (6749 turns).

ytrimaz the Magician (Octopode Transmuter)          Turns: 6749, Time: 00:09:27

Health: 0/43       AC:  2    Str: 10    XL:     7   Next: 94%
Magic:  12/15      EV: 19    Int: 17    God:    Ashenzari [......]
Gold:   40         SH:  0    Dex: 17    Spells: 7/17 levels left

rFire   . . .      SeeInvis .     - Unarmed
rCold   . . .      Faith    .   (shield currently unavailable)
rNeg    . . .      Spirit   .   (helmet currently unavailable)
rPois   x          Reflect  .   (no amulet)
rElec   .          Harm     .   (no ring)
rCorr   .          Rampage  .   (no ring)
Will    .....                   (no ring)
Stlth   ++........              (no ring)
HPRegen 0.14/turn               (no ring)
MPRegen 0.14/turn               (no ring)
                                (no ring)
                                (no ring)

@: spider-form
A: venomous fangs, almost no armour, (amphibious), 8 rings, tiny, (camouflage
1), (gelatinous body 1), (nimble swimmer 1), (tentacles)
a: End Transformation, Renounce Religion, Curse Item, Shatter the Chains


You were on level 5 of the Dungeon.
You worshipped Ashenzari.
Ashenzari was noncommittal.
You were a venomous arachnid creature.
You visited 2 branches of the dungeon, and saw 6 of its levels.

You collected 1432 gold pieces.
You spent 1392 gold pieces at shops.

Inventory:

Armour
 n - the cursed +0 buckler "Anarchy of Ashenzari" (melded) {rF++ rCorr, Elem, Alch}
   (You acquired it on level 3 of the Dungeon)

   rF:        It greatly protects you from fire.
   rCorr:     It protects you from acid and corrosion.
   It has a curse which improves the following skills: Elements: Fire Magic, Ice
   Magic, Air Magic and Earth Magic.
   Alchemy:   Poison Magic and Transmutations.
Wands
 r - a wand of roots (18)
 s - a wand of digging (8)
Scrolls
 b - a scroll of torment
 g - a scroll of identify
 j - 2 scrolls of enchant armour
 l - 2 scrolls of teleportation
 q - a scroll of blinking
Potions
 a - a potion of lignification
 c - a potion of haste
 d - 2 potions of mutation
 e - a potion of curing
 f - a potion of magic {unknown}
 h - 2 potions of brilliance
 i - 4 potions of ambrosia
 k - 3 potions of resistance
 m - a potion of might {unknown}
 o - a potion of attraction {unknown}


   Skills:
 - Level 1.0 Fighting
 - Level 2.0 Dodging
 + Level 0.4 Shields
 - Level 3.0 Unarmed Combat
 - Level 5.8 Spellcasting
 - Level 5.2 Transmutations
 * Level 0.6 Ice Magic
 - Level 3.6 Poison Magic


You had 7 spell levels left.
You knew the following spells:

 Your Spells              Type           Power      Damage    Failure   Level
a - Beastly Appendage     Tmut           44%        N/A       7%          1
b - Wereblood             Tmut           22%        N/A       9%          2
c - Spider Form           Tmut/Pois      20%        N/A       17%         3
d - Ice Form              Ice/Tmut       15%        N/A       58%         4

Your spell library contained the following spells:

 Spells                   Type           Power      Damage    Failure   Level
 Passwall                 Tmut/Erth      10%        N/A       19%         2
 Ensorcelled Hibernation  Hex/Ice        12%        N/A       36%         2
 Swiftness                Air            4%         N/A       58%         3
 Petrify                  Tmut/Erth      13%        N/A       63%         4
 Metabolic Englaciation   Hex/Ice        3%         N/A       99%         5
 Statue Form              Tmut/Erth      8%         N/A       100%        6


Dungeon Overview and Level Annotations

Branches:
Dungeon (5/15)             Temple (1/1) D:4

Altars:
Ashenzari
Cheibriados
Gozag
Hepliaklqana
Kikubaaqudgha
Makhleb
Nemelex Xobeh
Okawaru
Qazlal
Ru
Sif Muna
Trog
Uskayaw
Vehumet
Xom
Yredelemnul
The Shining One

Shops:
D:2 !   D:3 :

Annotations:
D:5 1 runed translucent door, Crazy Yiuf


Innate Abilities, Weirdness & Mutations

You are a venomous arachnid creature.
You have poisonous fangs.
You are tiny and dextrous.
Your spellcasting is less reliable in this form.
Your armour is entirely melded.
You are incapable of wielding weapons or throwing items.
You cannot wear most types of armour.
((You are amphibious.))
You can wear up to eight rings at the same time.
((Your skin changes colour to match your surroundings (Stealth+).))
((Your rubbery body absorbs attacks. (AC +1, EV +1)))
((You are camouflaged when in or above water. (Stealth+)))
((You have tentacles for arms and can constrict up to eight enemies at once.))


Message History

A phantom is nearby!
A phantom is nearby!
Casting: Spider Form (dangerous; 7% risk of failure)
Confirm with . or Enter, or press ? or * to list all spells.
One of your tentacles grows a vicious spike.
Unknown command.
The phantom hits you.
The phantom blinks!
You blink.
An ogre comes into view. It is wielding a +0 giant spiked club.
You barely miss the phantom.
Your tentacle spike misses the phantom.
The phantom misses you.
Unknown command.
You tentacle-slap the phantom.
The phantom is lightly damaged.
You block the phantom's attack.
You tentacle-slap the phantom but do no damage.
Your tentacle spike misses the phantom.
Your squeeze misses the phantom.
The phantom is lightly damaged.
The ogre shouts!
The phantom hits you.
You tentacle-slap the phantom but do no damage.
You pierce the phantom.
The phantom is moderately damaged.
The phantom barely misses you.
Unknown command.
You tentacle-slap the phantom but do no damage.
Your tentacle spike misses the phantom.
Your squeeze misses the phantom.
The phantom is moderately damaged.
The ogre misses you. The phantom hits you.
The phantom blinks!
You blink.
Casting: Beastly Appendage (safe; 1% risk of failure)
Confirm with . or Enter, or press ? or * to list all spells.
Your tentacle spike disappears.
You turn into a venomous arachnid creature.
The cursed +0 buckler "Anarchy of Ashenzari" {rF++ rCorr, Elem, Alch} melds into your body.
The phantom hits you.
The phantom blinks!
You blink.
You hit the ogre.
The ogre is poisoned.
The ogre is lightly wounded.
The phantom completely misses you.
The ogre hits you with a +0 giant spiked club!!
Ouch! That really hurt!
You die...

.....#..# #.###
....#..## ##...###
.###...# #..#...###
###..#.##
##.####...# #
##..#.##
#..#..#.#...# #
#.(.#(###.##...§#
.## #
#...†.##..#..#..# #
##
#...#.##.##..OW##
.##.####.....###s.#
.#.. #####...####
.### ##...# ##
##... ###### #.
##...## ......#
##....# ##..##


You could see an ogre (very poisoned) and a phantom.

Vanquished Creatures
  Grinder (D:3)
  An ogre (D:4)
  A centaur (D:4)
  A phantom (D:4)
  A scorpion (D:4)
  An orc priest (D:3)
  Ijyb (D:4)
  Natasha (thrice) (D:3)
  10 adders
  5 worms
  3 dart slugs
  4 orcs
  7 bats
  9 endoplasms
  5 giant cockroaches
  12 goblins
  3 hobgoblins (D:3)
  10 kobolds
  4 quokkas
  8 ball pythons
  2 frilled lizards
  7 rats
99 creatures vanquished.

Vanquished Creatures (others)
  A plant (D:4)
1 creature vanquished.

Grand Total: 100 creatures vanquished

Notes
Turn   | Place    | Note
-------+----------+-------------------------------------------
     0 | D:1      | ytrimaz the Octopode Transmuter began the quest for the
                  | Orb.
     0 | D:1      | Reached XP level 1. HP: 13/13 MP: 3/3
   135 | D:1      | Reached XP level 2. HP: 18/18 MP: 5/5
   807 | D:1      | Found a faded altar of an unknown god.
   828 | D:1      | Reached XP level 3. HP: 15/23 MP: 7/7
  1090 | D:1      | Learned a level 2 spell: Wereblood
  1094 | D:1      | Learned a level 3 spell: Spider Form
  1331 | D:2      | Found Ywkoj's Distillery.
  1547 | D:2      | You fall into a shaft and drop 1 floor!
  1606 | D:2      | Identified the +0 ring mail of Seriz {rF++ rCorr MP-9}
  1663 | D:2      | Reached skill level 1 in Poison Magic
  1885 | D:2      | Reached XP level 4. HP: 28/28 MP: 6/8
  2117 | D:2      | Identified a scroll of acquirement
  2734 | D:2      | Acquired 1207 gold pieces
  2738 | D:2      | Bought a potion of curing for 36 gold pieces
  2738 | D:2      | Bought 2 potions of mutation for 192 gold pieces
  2738 | D:2      | Bought a potion of brilliance for 48 gold pieces
  2738 | D:2      | Bought a potion of ambrosia for 96 gold pieces
  2738 | D:2      | Bought a potion of curing for 36 gold pieces
  2738 | D:2      | Bought 2 potions of curing for 72 gold pieces
  2738 | D:2      | Bought a potion of resistance for 120 gold pieces
  2738 | D:2      | Bought 2 potions of ambrosia for 192 gold pieces
  2738 | D:2      | Bought 2 potions of resistance for 240 gold pieces
  2853 | D:3      | Found a broken altar of Ashenzari.
  2858 | D:3      | Became a worshipper of Ashenzari the Shackled
  2947 | D:3      | Reached XP level 5. HP: 9/33 MP: 6/10
  3219 | D:3      | Found Wurev's Book Shop.
  3392 | D:3      | Noticed Natasha
  3399 | D:3      | Killed Natasha
  3425 | D:3      | Acquired the +0 buckler of a Labyrinth {rF++ rCorr}
  3431 | D:3      | Noticed Natasha
  3438 | D:3      | Killed Natasha
  3476 | D:3      | Noticed Natasha
  3482 | D:3      | Killed Natasha
  3483 | D:3      | Reached XP level 6. HP: 21/38 MP: 7/12
  4043 | D:3      | Noticed Grinder
  4050 | D:3      | Paralysed by Grinder for 4 turns
  4060 | D:3      | Paralysed by Grinder for 5 turns
  4077 | D:3      | Paralysed by Grinder for 5 turns
  4088 | D:3      | Killed Grinder
  4089 | D:3      | Reached XP level 7. HP: 18/43 MP: 10/14
  4493 | D:4      | Reached skill level 5 in Spellcasting
  4986 | D:4      | Found a staircase to the Ecumenical Temple.
  5013 | D:4      | Noticed Ijyb
  5025 | Temple   | Entered the Ecumenical Temple
  5274 | D:4      | Killed Ijyb
  5275 | D:4      | Reached skill level 5 in Transmutations
  6007 | D:4      | Learned a level 4 spell: Ice Form
  6082 | D:3      | Bought a book of Sloth for 360 gold pieces
  6374 | D:5      | Entered Level 5 of the Dungeon
  6673 | D:5      | Found a runed translucent door.
  6674 | D:5      | Noticed Crazy Yiuf
  6749 | D:5      | Slain by an ogre

Illustrated notes

Levels and vault maps discovered:
D:1:      dpeg_arrival_rooms_a, layout_rooms, dilly_ecumenical_altar_fadedgnrine
D:2:      layout_loops_cross, serial_shops, shop, minmay_mini_jars
D:3:      minmay_spotlight, layout_loops_corners, marbit_many_paths,
          serial_shops, nicolae_diamond_shop, serial_glass, glass_columns_a,
          glass_columns_a, uniq_grinder, uniq_natasha
D:4:      layout_cave_pools, minmay_temple_entry_gardened_gates, uniq_ijyb
D:5:      minmay_skewed_foursquare, layout_layer_cave, uniq_crazy_yiuf_cottage,
          uniq_menkaure
Temple:   regret_index_temple_sphere_string

Skill      XL: |  1  2  3  4  5  6  7 |
---------------+----------------------+-----
Spellcasting   | 3 4 5 |  5.8
Poison Magic   | 1 2 3 |  3.6
Transmutations | 3 4 5 |  5.2
Fighting       | |  1.0
Dodging        | |  2.0
Shields        | |  0.4
Unarmed Combat | |  3.0
Ice Magic      | |  0.6

Action                   |  1- 3 |  4- 6 |  7- 9 || total
-------------------------+-------+-------+-------++-------
Melee: Unarmed           |    84 |   118 |    91 ||   293
       Constrict         |    21 |    19 |     7 ||    47
       Kick              |    15 |     6 |     4 ||    25
       Tentacles         |    11 |    19 |     3 ||    33
       Punch             |       |     6 |     1 ||     7
 Cast: Beastly Appendage |    19 |    14 |     5 ||    38
       Spider Form       |       |     6 |     7 ||    13
Invok: Curse Item        |       |       |     1 ||     1
  Use: Scroll            |     4 |     7 |     2 ||    13
       Potion            |       |     5 |     2 ||     7
 Stab: Sleeping          |     3 |     2 |     2 ||     7
Armor: Skin              |     8 |    19 |     1 ||    28
Dodge: Dodged            |    79 |    82 |    82 ||   243
Block: Buckler           |       |     2 |     7 ||     9

Table legend: (Time is in decaauts)
 A = Elapsed time spent in this place.
 B = Non-inter-level travel time spent in this place.
 C = Inter-level travel time spent in this place.
 D = Time resting spent in this place.
 E = Time spent auto-exploring this place.
 F = Levels seen in this place.
 G = Mean time per level.
                   A        B        C        D        E       F      G
               +--------+--------+--------+--------+--------+-----+--------+
         Total |   6738 |   6409 |    329 |   1074 |   4362 |   6 | 1123.0 |
       Dungeon |   6343 |   6033 |    310 |    848 |   4234 |   5 | 1268.6 |
        Temple |    395 |    376 |     19 |    226 |    128 |   1 |  395.0 |
               +--------+--------+--------+--------+--------+-----+--------+

Top non-repeatable levels by time:
     D:3: 1884 daAuts
     D:2: 1550 daAuts
     D:4: 1424 daAuts
     D:1: 1110 daAuts
  Temple: 395 daAuts
     D:5: 374 daAuts
